 Dungeon Crawl Stone Soup version 0.29-a0-676-ga64570c9d2 (webtiles) character file.

Game seed: 15270182543522691579

24 runemasterragnar the Chopper (level 3, 0/31 HPs)
             Began as a Meteoran Cinder Acolyte on June 24, 2022.
             Was a High Priest of Ignis.
             Succumbed to Ijyb's poison
             ... on level 4 of the Dungeon.
             The game lasted 00:02:05 (236 turns).

runemasterragnar the Chopper (MeCA)                  Turns: 236, Time: 00:02:05

Health: 0/31       AC:  9    Str: 15    XL:     3   Next: 32%
Magic:  7/7        EV: 11    Int: 17    God:    Ignis [*****.]
Gold:   50         SH:  0    Dex: 10    Spells: 4/6 levels left

rFire   + . .      SeeInvis .   a - -1 hand axe (flame)
rCold   . . .      Faith    .   (no shield)
rNeg    . . .      Spirit   .   b - +0 robe
rPois   .          Reflect  .   (no helmet)
rElec   .          Harm     .   (no cloak)
rCorr   .          Rampage  .   (no gloves)
Will    .....                   (no boots)
Stlth   +.........              (no amulet)
HPRegen 0.10/turn               (no ring)
MPRegen 0.10/turn               (no ring)

@: lethally poisoned (0 -> -20), fiery-armoured, glowing
A: sense surroundings 1, otherworldly, glowing, explore regen
a: Renounce Religion, Fiery Armour, Foxfire Swarm, Rising Flame


You were on level 4 of the Dungeon.
You worshipped Ignis.
Ignis was extremely pleased with you.
You visited 1 branch of the dungeon, and saw 4 of its levels.

You collected 50 gold pieces.

Inventory:

Hand Weapons
 a - a -1 hand axe of flaming (weapon)
Armour
 b - a +0 robe (worn)
Scrolls
 c - a scroll of enchant weapon {unknown}
Potions
 d - a potion of invisibility {unknown}


   Skills:
 + Level 3.6 Fighting
 + Level 4.0 Axes
 + Level 2.1 Spellcasting
 + Level 4.0 Fire Magic


You had 4 spell levels left.
You knew the following spells:

 Your Spells              Type           Power      Damage    Failure   Level
a - Scorch                Fire           30%        2d6       5%          2

Your spell library contained the following spells:

 Spells                   Type           Power      Damage    Failure   Level


Dungeon Overview and Level Annotations

Branches:
Dungeon (4/15) Zot: 2161
 Temple: D:4-7

Altars:

Annotations:
D:4 Ijyb


Innate Abilities, Weirdness & Mutations

You passively map a small area around you.
You are easily found by Zot.
You glow in the dark.
You regain HP and MP as you explore.


Message History

You hit Ijyb but do no damage.
Ijyb hits you with a +2 dagger of venom.
You are poisoned.
Ijyb hits you with a +2 dagger of venom.
You are more poisoned.
You closely miss Ijyb.
You feel very sick.
Ijyb zaps a wand.
The puff of flame hits you. You resist.
Activating: Foxfire Swarm
Press: ? - help, Dir - look around, f - activate
Okay, then.
A protective cloak of flame settles atop you.
You feel very sick. Ijyb closely misses you. Ijyb barely misses you.
Activating: Foxfire Swarm
Press: ? - help, Dir - look around, f - activate Flames leap up around you!
You feel sick. Ijyb hits you but does no damage. The hornet closely misses you.
Your foxfire dissipates!
* * * LOW HITPOINT WARNING * * *
You feel sick.
The foxfire hits Ijyb but does no damage.
The foxfire hits Ijyb.
Ijyb is lightly wounded.
The foxfire hits Ijyb.
Ijyb is lightly wounded.
The foxfire hits Ijyb but does no damage.
Ijyb is lightly wounded.
The foxfire hits Ijyb but does no damage.
Ijyb is lightly wounded.
The foxfire hits Ijyb but does no damage.
Ijyb is lightly wounded.
The foxfire hits Ijyb but does no damage.
Ijyb is lightly wounded.
Unknown command.
Ijyb attacks as you move away!
Ijyb hits you with a +2 dagger of venom.
* * * LOW HITPOINT WARNING * * *
You are more poisoned.
You die...

..# *.., * #.#
#.# #.# #.# #.#
#.# #.# #.# *
#.# #.# * *
######.###§###
* *
#.........§§.##
#.####.###@§g.#
* * #.####.#
#§.#y§§§v..
#.##...#
##§§§####.#
#.##.### ##.##
*,* * #.##.# .#
* #.##.## .#
#†#...## .# *
#<<....#* * .#
* #.........,
.# **


You could see a hornet and Ijyb (fast).

Vanquished Creatures
  An adder (D:3)
  An orc (D:3)
  An endoplasm (D:3)
  A goblin (D:2)
  2 hobgoblins
  3 jackals (D:4)
  A ball python (D:1)
  2 bats
  2 kobolds
14 creatures vanquished.

Vanquished Creatures (others)
  6 foxfires (D:4)
6 creatures vanquished.

Grand Total: 20 creatures vanquished

Notes
Turn   | Place    | Note
-------+----------+-------------------------------------------
     0 | D:1      | runemasterragnar the Meteoran Cinder Acolyte began the
                  | quest for the Orb.
     0 | D:1      | Reached XP level 1. HP: 19/19 MP: 3/3
    51 | D:2      | Reached XP level 2. HP: 26/26 MP: 5/5
    63 | D:2      | Learned a level 2 spell: Scorch
   174 | D:3      | Reached XP level 3. HP: 30/31 MP: 5/7
   225 | D:4      | Noticed Ijyb
   230 | D:4      | Noticed a hornet
   236 | D:4      | Succumbed to Ijyb's poison

Illustrated notes

Levels and vault maps discovered:
D:1:      lightli_arrival_quake, layout_basic, minmay_misc_feat_secret_circle
D:2:      minmay_wonky_spiral, layout_basic, chequers_ecumenical_altar_grove,
          uniq_sigmund, uniq_terence
D:3:      layout_basic, uniq_grinder
D:4:      layout_loops_ring, uniq_edmund, uniq_blork_the_orc, uniq_ijyb

Skill      XL: |  1  2  3 |
---------------+----------+-----
Spellcasting   | 2 |  2.1
Axes           | 4 |  4.0
Fire Magic     | 4 |  4.0
Fighting       | |  3.6

Action                   || total
-------------------------++-------
Melee: Hand axe          ||    30
Invok: Foxfire Swarm     ||     1
       Fiery Armour      ||     1
Armor: Robe              ||    12
Dodge: Dodged            ||    13

Table legend: (Time is in decaauts)
 A = Elapsed time spent in this place.
 B = Non-inter-level travel time spent in this place.
 C = Inter-level travel time spent in this place.
 D = Time resting spent in this place.
 E = Time spent auto-exploring this place.
 F = Levels seen in this place.
 G = Mean time per level.
                   A        B        C        D        E       F      G
               +--------+--------+--------+--------+--------+-----+--------+
         Total |    238 |    238 |      0 |      0 |     72 |   4 |   59.5 |
       Dungeon |    238 |    238 |      0 |      0 |     72 |   4 |   59.5 |
               +--------+--------+--------+--------+--------+-----+--------+

Top non-repeatable levels by time:
     D:3: 127 daAuts
     D:4: 43 daAuts
     D:1: 41 daAuts
     D:2: 26 daAuts
